 Dungeon Crawl Stone Soup version 0.25.1-2-g60ff931df9 (webtiles) character file.

Game seed: 3504039165993368629

1359 Delamore the Basher (level 8, -5/49 HPs)
             Began as a Gargoyle Fighter on Aug 29, 2020.
             Was an Initiate of Okawaru.
             Killed from afar by Maggie (15 damage)
             ... with a bolt of fire
             ... on level 6 of the Dungeon.
             The game lasted 00:04:59 (6105 turns).

Delamore the Basher (Gargoyle Fighter)              Turns: 6105, Time: 00:05:00

Health: -5/49      AC: 20    Str: 22    XL:     8   Next: 64%
Magic:  8/8        EV:  6    Int:  9    God:    Okawaru [......]
Gold:   61         SH: 10    Dex:  9    Spells: 7/7 levels left

rFire    + . .     SeeInvis .   w - +2 flail (holy)
rCold    . . .     Gourm    .   c - +0 kite shield
rNeg     + . .     Faith    .   z - +0 chain mail
rPois    ∞         Spirit   .   i - +1 hat
rElec    +         Reflect  .   (no cloak)
rCorr    .         Harm     .   (no gloves)
MR       .....                  (no boots)
Stlth    ..........             (no amulet)
HPRegen  0.16/turn              u - ring of protection from fire
MPRegen  0.11/turn              x - +4 ring of protection

@: no status effects
A: negative energy resistance 1, electricity resistance, unbreathing,
petrification resistance, rot immunity, AC +5
a: Renounce Religion


You were on level 6 of the Dungeon.
You worshipped Okawaru.
Okawaru was noncommittal.
You were near starving.

You visited 2 branches of the dungeon, and saw 7 of its levels.

You collected 256 gold pieces.
You spent 195 gold pieces at shops.

Inventory:

Hand Weapons
 a - a +0 flail
 w - a +2 flail of holy wrath (weapon)
Missiles
 s - 6 javelins (quivered)
Armour
 b - a +0 scale mail
 c - a +0 kite shield (worn)
 i - a +1 hat (worn)
 z - a +0 chain mail (worn)
Jewellery
 m - an uncursed ring of wizardry
 u - a ring of protection from fire (left hand)
 x - a +4 ring of protection (right hand)
Wands
 v - a wand of iceblast (5)
 B - a wand of disintegration (17)
Scrolls
 h - a scroll of noise
 j - a scroll of magic mapping {unknown}
 k - 2 scrolls of teleportation
 l - a scroll of fog {unknown}
 o - a scroll of remove curse
 r - 2 scrolls of enchant armour
 y - a scroll of random uselessness {unknown}
Potions
 d - a potion of might
 e - 2 potions of curing {unknown}
 g - a potion of resistance {unknown}
 n - 5 potions of heal wounds
 q - a potion of stabbing {unknown}
 t - a potion of invisibility {unknown}
Comestibles
 f - 6 rations


   Skills:
 - Level 5.0 Fighting
 + Level 8.6 Maces & Flails
 - Level 5.0 Armour
 - Level 5.0 Shields


You had 7 spell levels left.
You didn't know any spells.
Your spell library contained the following spells:

 Spells                   Type           Power        Failure   Level  Hunger
 Animate Skeleton         Necr           N/A          100%        1    ##.....
 Apportation              Tloc           #.....       100%        1    ##.....
 Corona                   Hex            #......      100%        1    ##.....
 Summon Small Mammal      Summ           #...         100%        1    ##.....


Dungeon Overview and Level Annotations

Branches:
Dungeon (6/15)             Temple (1/1) D:5

Altars:
Ashenzari
Dithmenos
Elyvilon
Fedhas
Gozag
Hepliaklqana
Kikubaaqudgha
Makhleb
Nemelex Xobeh
Okawaru
Qazlal
Ru
Sif Muna
Trog
Uskayaw
Vehumet
Wu Jian
Xom
Yredelemnul
Zin
The Shining One

Shops:
D:5 !

Annotations:
D:6 Maggie


Innate Abilities, Weirdness & Mutations

You are resistant to torment.
Your stone body is resilient. (AC +5)
You are immune to poison.
You resist negative energy. (rN+)
You are resistant to electric shocks. (rElec)
You can survive without breathing.
You are immune to petrification.
You are immune to rotting.


Message History

You closely miss Maggie.
Maggie is moderately wounded.
Maggie barely misses you. Something hits you but does no damage.
You hit Maggie but do no damage.
Maggie is moderately wounded.
Something hits you but does no damage.
Maggie mumbles some strange words.
Maggie attempts to bespell you! You resist.
You barely miss Maggie.
Maggie is moderately wounded.
Something hits you but does no damage.
Maggie points at you and mumbles some strange words.
The bolt of fire hits you! You resist.
* * * LOW HITPOINT WARNING * * *
Your shield prevents you from hitting Maggie.
Maggie is moderately wounded.
Something hits you but does no damage. Maggie gestures at you while chanting.
The bolt of fire hits you! You resist.
You die...

#...........#
#.......###.#
#.#####.# #.#
#<# #.# #.#
#.# #.###.#
#.....#
#.###.#####...
... #.@@......
... #>.{......
.....#######$.
###


You could see Maggie.

Vanquished Creatures
  Menkaure (D:4)
  Edmund (D:4)
  4 ogres
  A centaur (D:4)
  5 killer bees
  3 hounds
  An orc priest (D:4)
  An iguana (D:3)
  3 orc wizards (D:4)
  2 worker ants
  4 adders
  8 gnolls
  A worm (D:2)
  3 dart slugs
  3 leopard geckos
  15 orcs
  3 giant cockroaches
  6 goblins
  8 hobgoblins
  6 jackals
  6 kobolds
  2 quokkas (D:4)
  6 bats
  5 frilled lizards
  A leopard gecko zombie (D:5)
  5 rats
104 creatures vanquished.

Notes
Turn   | Place    | Note
-------+----------+-------------------------------------------
     0 | D:1      | Delamore the Gargoyle Fighter began the quest for the Orb.
     0 | D:1      | Reached XP level 1. HP: 14/14 MP: 1/1
    79 | D:1      | Noticed a troll
   324 | D:1      | Reached XP level 2. HP: 19/19 MP: 2/2
  1059 | D:2      | Reached XP level 3. HP: 24/24 MP: 3/3
  1273 | D:2      | Reached XP level 4. HP: 23/29 MP: 4/4
  2036 | D:3      | Found a faded altar of an unknown god.
  2308 | D:4      | Noticed Menkaure
  2317 | D:4      | Killed Menkaure
  2317 | D:4      | Reached skill level 3 in Maces & Flails
  2317 | D:4      | Reached XP level 5. HP: 23/34 MP: 5/5
  2451 | D:4      | Reached XP level 6. HP: 38/39 MP: 6/6
  3033 | D:4      | Noticed Edmund
  3054 | D:4      | Killed Edmund
  3054 | D:4      | Reached skill level 5 in Fighting
  3054 | D:4      | Reached skill level 4 in Maces & Flails
  3054 | D:4      | Reached skill level 5 in Armour
  3054 | D:4      | Reached skill level 5 in Shields
  3054 | D:4      | Reached XP level 7. HP: 22/44 MP: 7/7
  3391 | D:4      | Reached skill level 5 in Maces & Flails
  3814 | D:4      | Reached skill level 6 in Maces & Flails
  4170 | D:4      | Reached XP level 8. HP: 39/49 MP: 8/8
  4363 | D:5      | Entered Level 5 of the Dungeon
  4525 | D:4      | Reached skill level 7 in Maces & Flails
  5080 | D:5      | Reached skill level 8 in Maces & Flails
  5266 | D:5      | Found Tuhaw's Distillery.
  5271 | D:5      | Bought a potion of heal wounds for 65 gold pieces
  5271 | D:5      | Bought a potion of heal wounds for 65 gold pieces
  5271 | D:5      | Bought a potion of heal wounds for 65 gold pieces
  5571 | D:5      | Found a staircase to the Ecumenical Temple.
  5594 | Temple   | Entered the Ecumenical Temple
  5957 | Temple   | Became a worshipper of Warmaster Okawaru
  6075 | D:6      | Noticed Maggie
  6105 | D:6      | Killed from afar by Maggie

Illustrated notes

Levels and vault maps discovered:
D:1:      erik_arrival_cave_to_civilisation [erik_arrival_cave_to_temple],
          layout_loops_ring
D:2:      layout_loops_cross
D:3:      layout_rooms, chequers_ecumenical_altar_simple_redux
D:4:      layout_gridville, uniq_menkaure, uniq_edmund
D:5:      layout_loops_ring, minmay_temple_entry_nine_rooms, serial_shops,
          kennysheep_little_box, first_ration
D:6:      minmay_flawed_box, layout_loops_ring, solitary_fountain,
          minmay_misc_feat_five, uniq_maggie, uniq_crazy_yiuf_cottage,
          uniq_eustachio
Temple:   regret_index_temple_sigil_plot

Skill      XL: |  1  2  3  4  5  6  7  8 |
---------------+-------------------------+-----
Armour         | 4 5 |  5.0
Fighting       | 4 5 |  5.0
Shields        | 4 5 |  5.0
Maces & Flails | 3 4 6 8 |  8.6

Action                   |  1- 3 |  4- 6 |  7- 9 || total
-------------------------+-------+-------+-------++-------
Melee: Flail             |    83 |   204 |   216 ||   503
  Use: Scroll            |       |       |     5 ||     5
  Eat: Chunk             |     1 |     6 |     5 ||    12
       Ration            |       |       |     1 ||     1
Armor: Scale mail        |    46 |   140 |    55 ||   241
       Chain mail        |       |       |   120 ||   120
Dodge: Dodged            |    29 |    78 |    81 ||   188
Block: Kite shield       |    53 |   122 |   164 ||   339
